 Dungeon Crawl Stone Soup version 0.21.1-1-g345015f (webtiles) character file.

37 Flooderbenga the Grave Robber (level 3, -6/25 HPs)
             Began as a Gnoll Necromancer on Apr 7, 2018.
             Mangled by Grinder (7 damage)
             ... on level 3 of the Dungeon.
             The game lasted 00:05:53 (161 turns).

Flooderbenga the Grave Robber (Gnoll Necromancer)    Turns: 161, Time: 00:05:54

Health: -6/25      AC:  0    Str: 10    XL:     3   Next: 39%
Magic:  1/9        EV: 14    Int: 18    God:
Gold:   41         SH:  0    Dex: 15    Spells: 10/12 levels left

rFire    . . .     SeeInvis .   a - +0 dagger
rCold    . . .     Gourm    .   (no shield)
rNeg     . . .     Faith    .   f - +0 robe
rPois    .         Spirit   .   (no helmet)
rElec    .         Reflect  .   (no cloak)
rCorr    .         Harm     .   g - +0 pair of gloves
MR       .....     Rnd*Tele +   (no boots)
Stlth    +++.......             (no amulet)
HPRegen  0.08/turn              e - ring of teleportation (curse)
MPRegen  0.11/turn              i - -3 ring of protection (curse)

@: no status effects
A: distributed training, fangs 1, strong nose
a: no special abilities


You were on level 3 of the Dungeon.
You were not hungry.

You visited 1 branch of the dungeon, and saw 3 of its levels.

You collected 41 gold pieces.

Inventory:

Hand Weapons
 a - a +0 dagger (weapon)
Missiles
 d - 15 stones (quivered)
Armour
 f - a +0 robe (worn)
 g - a +0 pair of gloves (worn)
Jewellery
 e - a cursed ring of teleportation (left hand)
 i - a cursed -3 ring of protection (right hand)
Books
 b - a book of Necromancy

   Spells                             Type                      Level
   a - Pain                           Necromancy                   1
   b - Animate Skeleton               Necromancy                   1
   c - Vampiric Draining              Necromancy                   3
   d - Regeneration                   Charms/Necromancy            3
   e - Animate Dead                   Necromancy                   4
   f - Borgnjor's Vile Clutch         Necromancy/Earth             5
Comestibles
 c - a ration


   Skills:
 + Level 0.7 Fighting
 + Level 0.7 Short Blades
 + Level 0.7 Long Blades
 + Level 0.7 Axes
 + Level 0.7 Maces & Flails
 + Level 0.7 Polearms
 + Level 0.7 Staves
 + Level 0.7 Slings
 + Level 0.7 Bows
 + Level 0.7 Crossbows
 + Level 0.7 Throwing
 + Level 0.7 Armour
 + Level 4.5 Dodging
 + Level 4.1 Stealth
 + Level 0.7 Shields
 + Level 0.7 Unarmed Combat
 + Level 5.0 Spellcasting
 + Level 0.5 Conjurations
 + Level 0.5 Hexes
 + Level 0.5 Charms
 + Level 0.5 Summonings
 + Level 7.1 Necromancy
 + Level 0.5 Translocations
 + Level 0.5 Transmutations
 + Level 0.5 Fire Magic
 + Level 0.5 Ice Magic
 + Level 0.5 Air Magic
 + Level 0.5 Earth Magic
 + Level 0.5 Poison Magic
 + Level 0.9 Invocations
 + Level 0.7 Evocations


You had 10 spell levels left.
You knew the following spells:

 Your Spells              Type           Power        Failure   Level  Hunger
a - Pain                  Necr           ####         1%          1    None
z - Animate Skeleton      Necr           N/A          1%          1    None


Dungeon Overview and Level Annotations

Branches:
Dungeon (3/15)

Altars:

Annotations:
D:3 Grinder


Innate Abilities, Weirdness & Mutations

Your experience applies equally to all skills.
You have very sharp teeth.
Your uncanny sense of smell can sniff out nearby items.


Message History

The felid corpse of Natasha.
The floor.
Here: a hobgoblin, wielding a club A short sword.
The floor.
You see here the felid corpse of Natasha.
You see here a stone.
There is a stone staircase leading down here.
Aim: a hobgoblin, wielding a club (chance to defeat MR: 93%)
The hobgoblin writhes in agony!
You kill the hobgoblin!
You take 1 damage, and have 1/25 hp.
You now have 0/9 mp.
You climb downwards.
A ball python, a goblin and Grinder come into view.
Found a short sword.
There is a stone staircase leading up here.
Here: Grinder (resting)
The floor.
Grinder hits you!
You die...

#.# #.# #.#
#.# #.# ##
#.# ..
#5###.#
#@....#
#.<.###
)..........#
∆
.....#...#.#
g...$.....
..
.....#...##
#.#
.....##.## .
##S# #.# #.
#..


You could see Grinder and a ball python.

Vanquished Creatures
  Natasha (D:2)
  A leopard gecko (D:1)
  A bat (D:1)
  2 giant cockroaches (D:1)
  A hobgoblin (D:2)
  A frilled lizard (D:2)
  2 kobolds
  2 rats
11 creatures vanquished.

Notes
Turn   | Place    | Note
-------+----------+-------------------------------------------
     0 | D:1      | Flooderbenga the Gnoll Necromancer began the quest for the Orb.
     0 | D:1      | Reached XP level 1. HP: 13/13 MP: 6/6
    57 | D:1      | Learned a level 1 spell: Animate Skeleton
    84 | D:1      | Reached XP level 2. HP: 7/19 MP: 0/7
   144 | D:2      | Noticed Natasha
   151 | D:2      | Noticed a crimson imp
   151 | D:2      | HP: 1/20 [Natasha (6)]
   153 | D:2      | Killed Natasha
   153 | D:2      | Reached skill level 5 in Spellcasting
   153 | D:2      | Reached XP level 3. HP: 1/25 MP: 1/9
   160 | D:3      | Noticed Grinder
   161 | D:3      | Mangled by Grinder

Skill      XL: |  1  2 |
---------------+-------+-----
Spellcasting   | 5 |  5.0
Fighting       | |  0.7
Short Blades   | |  0.7
Long Blades    | |  0.7
Axes           | |  0.7
Maces & Flails | |  0.7
Polearms       | |  0.7
Staves         | |  0.7
Slings         | |  0.7
Bows           | |  0.7
Crossbows      | |  0.7
Throwing       | |  0.7
Armour         | |  0.7
Dodging        | |  4.5
Stealth        | |  4.1
Shields        | |  0.7
Unarmed Combat | |  0.7
Conjurations   | |  0.5
Hexes          | |  0.5
Charms         | |  0.5
Summonings     | |  0.5
Necromancy     | |  7.1
Translocations | |  0.5
Transmutations | |  0.5
Fire Magic     | |  0.5
Ice Magic      | |  0.5
Air Magic      | |  0.5
Earth Magic    | |  0.5
Poison Magic   | |  0.5
Invocations    | |  0.9
Evocations     | |  0.7

Action                   || total
-------------------------++-------
Melee: Dagger            ||     7
       Bite              ||     1
Throw: Stone             ||     1
 Cast: Pain              ||    16
       Animate Skeleton  ||     1
  Use: Scroll            ||     1
 Stab: Sleeping          ||     1
Dodge: Dodged            ||     8
